 Dungeon Crawl Stone Soup version 0.30-a0-879-ga8ba668304 (webtiles) character file.

Game seed: 9050514966268329810

47 selver the Stinger (level 3, -2/24 HPs)
             Began as a Demonspawn Venom Mage on Mar 13, 2023.
             Slain by Terence
             ... wielding a +4 flail of protection
              (7 damage)
             ... on level 2 of the Dungeon.
             The game lasted 00:05:56 (1393 turns).

selver the Stinger (Demonspawn Venom Mage)          Turns: 1393, Time: 00:05:57

Health: -2/24      AC:  2    Str:  8    XL:     3   Next: 48%
Magic:  2/6        EV: 12    Int: 24    God:
Gold:   86         SH:  0    Dex: 13    Spells: 3/6 levels left

rFire   . . .      SeeInvis .    f - +0 falchion (protect)
rCold   . . .      Faith    .    (no shield)
rNeg    . . .      Spirit   .    a - +0 robe
rPois   .          Reflect  .    (no helmet)
rElec   .          Rampage  .    (no cloak)
rCorr   +                        (no gloves)
Will    .....                    (no boots)
Stlth   ++                       l - amulet of regeneration
HPRegen 1.04/turn                d - ring of resist corrosion
MPRegen 0.10/turn                m - +6 ring of intelligence

@: no status effects
A: foul stench 1, mutation resistance 1
a: no special abilities


You were on level 2 of the Dungeon.
You visited 1 branch of the dungeon, and saw 2 of its levels.

You collected 86 gold pieces.

Inventory:

Hand Weapons
 e - a +0 dagger
 f - a +0 falchion of protection (weapon)
Armour
 a - a +0 robe (worn)
Jewellery
 d - a ring of resist corrosion (left hand)
 l - an amulet of regeneration (around neck)
 m - a +6 ring of intelligence (right hand)
Scrolls
 c - a scroll of immolation {unknown}
 g - a scroll of torment {unknown}
 i - a scroll of blinking {unknown}
 j - a scroll of teleportation {unknown}
Potions
 b - a potion of magic
 k - a potion of might {unknown}


   Skills:
 - Level 1.7 Dodging
 - Level 1.7 Stealth
 - Level 2.0 Spellcasting
 - Level 0.8 Transmutations
 + Level 4.5 Poison Magic


You had 3 spell levels left.
You knew the following spells:

 Your Spells              Type           Power      Damage    Failure   Level
a - Sting                 Tmut/Pois      60%        1d6       4%          1
b - Poisonous Vapours     Pois/Air       26%        N/A       7%          2

Your spell library contained the following spells:

 Spells                   Type           Power      Damage    Failure   Level
 Mephitic Cloud           Conj/Pois/Air  9%         N/A       19%         3
 Olgreb's Toxic Radiance  Pois           24%        N/A       19%         4


Dungeon Overview and Level Annotations

Branches:
Dungeon (2/15)

Altars:

Annotations:
D:2 Terence


Innate Abilities, Weirdness & Mutations

You may rarely emit foul miasma when damaged in melee.
You are somewhat resistant to further mutation.


Message History

Press: ? - help, Shift-Dir - straight line, f - Terence
Aim: Terence, wielding a +4 flail of protection and wearing a +0 scale mail (77% to hit)
The sting hits Terence but does no damage.
Terence is poisoned.
Casting: Sting (safe; 4% risk of failure)
Confirm with . or Enter, or press ? or * to list all spells.
Aiming: Poisonous Vapours (safe; 7% risk of failure)
Press: ? - help, Dir - move target, p - Terence The spell fizzles.
Casting: Poisonous Vapours (safe; 7% risk of failure)
Confirm with . or Enter, or press ? or * to list all spells.
Aiming: Sting (safe; 4% risk of failure)
Press: ? - help, Shift-Dir - straight line, f - Terence
Aim: Terence, wielding a +4 flail of protection and wearing a +0 scale mail (lightly wounded, poisoned, 77% to hit)
You miscast Sting.
You are very lightly contaminated with residual magic.
Nothing appears to happen.
Terence hits you with a +4 flail of protection.
You closely miss Terence.
Terence is lightly wounded.
Terence hits you with a +4 flail of protection.
Casting: Sting (safe; 4% risk of failure)
Confirm with . or Enter, or press ? or * to list all spells.
Aiming: Sting (safe; 4% risk of failure)
Press: ? - help, Shift-Dir - straight line, f/p - Terence
Aim: Terence, wielding a +4 flail of protection and wearing a +0 scale mail (lightly wounded, poisoned, 77% to hit)
The sting hits Terence but does no damage.
Terence looks even sicker.
Terence is lightly wounded.
Terence hits you with a +4 flail of protection!
* * * LOW HITPOINT WARNING * * *
Terence attacks as you move away! Terence misses you.
Terence attacks as you move away!
Terence hits you with a +4 flail of protection!
* * * LOW HITPOINT WARNING * * *
Your magical contamination has completely faded away.
It was a potion of mutation.
You feel extremely strange.
You feel genetically stable.
Terence hits you with a +4 flail of protection!
You die...

### #.. #.# #$#
.##.#####.#######
................#
.##.#.###.###### #
#@# #@# #.. #.#
#... #.# #... #.#
##.# #.# #...# #.#
..#.# # #.# #
#.####.#######.#
###..............#


You could see Terence (poisoned).

Vanquished Creatures
  A dart slug (D:1)
  7 ball pythons
  5 bats
  An endoplasm (D:2)
  A giant cockroach (D:2)
  4 goblins (D:1)
  6 hobgoblins
  4 jackals (D:1)
  4 kobolds
  2 frilled lizards (D:2)
  5 rats
40 creatures vanquished.

Notes
Turn   | Place    | Note
-------+----------+-------------------------------------------
     0 | D:1      | selver the Demonspawn Venom Mage began the quest for the
                  | Orb.
     0 | D:1      | Reached XP level 1. HP: 13/13 MP: 3/3
   137 | D:1      | Gained mutation: You may rarely emit foul miasma when
                  | damaged in melee. [demonic ancestry]
   137 | D:1      | Reached XP level 2. HP: 15/19 MP: 0/5
   252 | D:1      | Learned a level 2 spell: Poisonous Vapours
   469 | D:1      | Reached skill level 4 in Poison Magic
   527 | D:1      | Found a faded altar of an unknown god.
   922 | D:2      | Reached XP level 3. HP: 22/24 MP: 4/6
  1182 | D:2      | Noticed a phantom
  1381 | D:2      | Noticed Terence
  1393 | D:2      | Gained mutation: You are somewhat resistant to further
                  | mutation. [potion of mutation]
  1393 | D:2      | Slain by Terence

Illustrated notes

Levels and vault maps discovered:
D:1:      minmay_arrival_radiant_lines, layout_basic,
          shapermc_ecumenical_altar_mp_ritualfount, serial_bayou_pond_a
D:2:      layout_basic, uniq_terence

Skill      XL: |  1  2 |
---------------+-------+-----
Poison Magic   | 4 |  4.5
Dodging        | |  1.7
Stealth        | |  1.7
Spellcasting   | |  2.0
Transmutations | |  0.8

Action                     || total
---------------------------++-------
  Melee: Spear             ||     4
         Dagger            ||     3
         Falchion          ||    32
   Cast: Sting             ||    48
         Poisonous Vapours ||     1
    Use: Potion            ||     1
 Armour: Robe              ||     5
  Dodge: Dodged            ||    28

Table legend: (Time is in decaauts)
 A = Elapsed time spent in this place.
 B = Non-inter-level travel time spent in this place.
 C = Inter-level travel time spent in this place.
 D = Time resting spent in this place.
 E = Time spent auto-exploring this place.
 F = Levels seen in this place.
 G = Mean time per level.
                   A        B        C        D        E       F      G
               +--------+--------+--------+--------+--------+-----+--------+
         Total |   1400 |   1375 |     25 |    240 |    794 |   2 |  700.0 |
       Dungeon |   1400 |   1375 |     25 |    240 |    794 |   2 |  700.0 |
               +--------+--------+--------+--------+--------+-----+--------+

Top non-repeatable levels by time:
     D:1: 898 daAuts
     D:2: 501 daAuts
